[Event "*** Titled Tuesday Blitz"]
[Site "Chess.com"]
[Date "2020.10.20"]
[Round "2"]
[White "Makswolf200817"]
[Black "Kira170"]
[Result "1-0"]
[WhiteElo "2443"]
[BlackElo "2689"]
[TimeControl "180+1"]
[EndTime "10:18:51 PDT"]
[Termination "Makswolf200817 won by resignation"]

1. d4 Nf6 2. c4 e6 3. g3 d5 4. Nf3 g6 5. Bg2 Bg7 6. O-O O-O 7. Qc2 b6 8. cxd5 exd5 9. Bf4 Na6 10. a3 c5 11. Nc3 Bb7 12. Be5 Rc8 13. Rfd1 Qe7 14. Rac1 Rfd8 15. Qa4 Ne4 16. Nxe4 dxe4 17.
Nd2 Bxe5 18. dxe5 Rd4 19. Qb3 Qxe5 20. Nc4 Qe6 21. Qa4 Rcd8 22. Rxd4 Rxd4 23. e3 Rd8 24. Bf1 h5 25. h4 Qf6 26. b4 cxb4 27. axb4 g5 28. b5 Nc5 29. Qxa7 gxh4 30. Qxb6 Qg5 31. Nd6 hxg3 32. Qxc5 Qh4 33. Bg2 gxf2+ 34. Kf1 Qg3 35. Nxb7 Rd2 36. Qc8+ Kh7 37. Qf5+ Kg7 38. Qxh5 Qxe3 39.
Qg4+ Kf6 40. Rc6+ Ke5 41. Rc5+ Kf6 42. Rf5+ Ke7 43. Qxe4+ Qxe4 44. Bxe4 Rb2 45. Na5 Rb4 46. Nc6+ Kd6 47. Nxb4 f6 48. b6 1-0

[Event "*** Titled Tuesday Blitz"]
[Site "Chess.com"]
[Date "2020.10.20"]
[Round "2"]
[White "AndrewMaco"]
[Black "Bigfish1995"]
[Result "0-1"]
[WhiteElo "2619"]
[BlackElo "3051"]
[TimeControl "180+1"]
[EndTime "10:18:52 PDT"]
[Termination "Bigfish1995 won by resignation"]

1. e4 c5 2. Nf3 d6 3. d4 cxd4 4. Nxd4 Nf6 5. Nc3 a6 6. f3 e6 7.
Be3 Qc7 8. Qd2 h5 9. a4 b6 10.
Be2 Nbd7 11. O-O Bb7 12. Rfd1 Be7 13. Bf1 h4 14. Qf2 Kf8 15. Bg5 Kg8 16. Re1 Rh5 17.
Be3 d5 18. exd5 Bxd5 19. Be2 Bb7 20. f4 Rc5 21. Bf3 Rc4 22. Rad1 h3 23. gxh3 Nc5 24.
Bxb7 Qxb7 25. Qg2 Qxg2+ 26. Kxg2 Rc8 27. Ra1 g6 28. Kf3 Kg7 29. Nde2 Ncd7 30. Red1 Rh8 31.
Kg2 Bc5 32. Bxc5 Rxc5 33. Rd3 Rch5 34. Rad1 Nc5 35. Re3 Rb8 36. Rd6 b5 37. axb5 axb5 38. Ng3 Rh4 39. b4 Na4 40. Nxa4 bxa4 41. Rf3 Rxb4 42.
Ra6 Nd5 43. f5 gxf5 44. Ra3 Rhc4 45. Ra2 Nc3 46. Ra3 Rb2 47. Kf3 Rxc2 48. Nh5+ Kh6 49.
Nf6 Kg6 50. Nd7 Kg5 51. Ne5 Rf4+ 52. Ke3 Re2+ 53. Kd3 Rxe5 54. Kxc3 Rf3+ 55. Kd2 Rxa3 0-1

[Event "*** Titled Tuesday Blitz"]
[Site "Chess.com"]
[Date "2020.10.20"]
[Round "2"]
[White "UCantHandleDenker"]
[Black "Aleksey_Sorokin"]
[Result "0-1"]
[WhiteElo "2530"]
[BlackElo "2840"]
[TimeControl "180+1"]
[EndTime "10:18:52 PDT"]
[Termination "Aleksey_Sorokin won by resignation"]

1. Nf3 Nf6 2. g3 g6 3. Bg2 Bg7 4. O-O O-O 5. c4 d5 6. cxd5 Nxd5 7. Nc3 Nc6 8. Nxd5 Qxd5 9. d3 Qd6 10. Be3 b6 11. Nd4 Bb7 12. Nxc6 Bxc6 13. Bxc6 Qxc6 14. Rc1 Qd7 15. b4 Rfc8 16. Qb3 a5 17. a3 axb4 18. axb4 Qa4 19. Qxa4 Rxa4 20. Bxb6 Rxb4 21. Bxc7 Rb2 22.
Bf4 Ra8 23. Rfe1 Bf6 24. Rb1 Rc2 25. Bh6 Bb2 26. h4 f6 27. Kf1 Kf7 28. Be3 Ra2 29. Red1 Be5 30. Re1 Bb2 31. Red1 Be5 32. Re1 Ke6 33.
Rb6+ Kd7 34. Rb7+ Ke8 35. g4 h5 36. gxh5 gxh5 37. Rb5 Ra4 38. Rc5 Rxc5 39. Bxc5 Rxh4 40.
Kg2 Kf7 41. e3 Rg4+ 42. Kf3 f5 43. d4 Bf6 44. Rh1 h4 45. Bb4 e6 46. Be1 Kg6 47.
Rh2 Be7 48. Ke2 Rg1 49. f3 Kh5 50. Bf2 Ra1 51. Kd3 Ra2 52. Bg3 Ra3+ 53. Ke2 Bg5 54. f4 Kg4 55. Bf2 Ra2+ 56. Kd3 Bd8 57. Rg2+ Kf3 58.
Rg8 Rxf2 59. Rxd8 h3 60. Rh8 h2 61. Rh3+ Kg2 62. Rh6 Rf3 0-1

[Event "*** Titled Tuesday Blitz"]
[Site "Chess.com"]
[Date "2020.10.20"]
[Round "2"]
[White "RestartingChess"]
[Black "Shield12"]
[Result "0-1"]
[WhiteElo "2521"]
[BlackElo "2821"]
[TimeControl "180+1"]
[EndTime "10:18:52 PDT"]
[Termination "Shield12 won by checkmate"]

1. e4 c5 2. Nf3 Nc6 3. b4 cxb4 4. d4 d6 5. d5 Ne5 6. Nxe5 dxe5 7. Bb2 Nf6 8. Nd2 e6 9. dxe6 Bxe6 10. Bxe5 Bc5 11. Bb5+ Nd7 12. Nb3 Bb6 13. Bd6 Qg5 14. Qd3 O-O-O 15.
f4 Qf6 16. O-O-O Nc5 17. Nxc5 Bxc5 18. e5 Qxf4+ 19. Kb1 Bxd6 20. exd6 Kb8 21. Rhf1 Qg5 22.
d7 Qc5 23. Ba4 Ka8 24. Rf4 a6 25. Rd4 Bf5 26. Qf3 Be6 27. Rd6 Ka7 28. Qd3 h5 29. Bb3 Rh6 30. Bxe6 Rxe6 31. Rxe6 fxe6 32. Qg6 Qf5 33.
Qxg7 Qg4 34. Qd4+ Qxd4 35. Rxd4 a5 36. Rd6 Kb8 37. Kb2 Kc7 38. Rxe6 Rxd7 39. Rh6 Rd5 40.
h3 Rg5 41. Rh7+ Kc6 42. Rh6+ Kb5 43. a3 bxa3+ 44. Kxa3 Kc4 45. Kb2 b5 46. Rc6+ Kb4 47.
Rh6 a4 48. Rh8 a3+ 49. Ka2 Rxg2 50. Rxh5 Rxc2+ 51. Kb1 Rh2 52. h4 Ka4 53. Rh8 b4 54. h5 Kb3 55. Ra8 Rh1# 0-1

[Event "*** Titled Tuesday Blitz"]
[Site "Chess.com"]
[Date "2020.10.20"]
[Round "2"]
[White "Natalya_Buksa"]
[Black "MF1966Idrisov"]
[Result "0-1"]
[WhiteElo "2563"]
[BlackElo "2337"]
[TimeControl "180+1"]
[EndTime "10:18:52 PDT"]
[Termination "MF1966Idrisov won on time"]

1. d4 d6 2. e4 Nf6 3. Nc3 g6 4. Bg5 Bg7 5. e5 Nfd7 6. f4 O-O 7.
h4 c5 8. exd6 f6 9. h5 fxg5 10.
hxg6 e6 11. Bc4 Nb6 12. Bd3 cxd4 13. Ne4 Rxf4 14. Rxh7 Nd5 15. Qh5 Rxe4+ 16. Bxe4 Nf6 17. Qxg5 Nc6 18. Bxc6 bxc6 19. Nf3 Bd7 20. O-O-O Nxh7 21. gxh7+ Kxh7 22. Qh5+ Kg8 23. Ng5 Qf6 24. Qh7+ Kf8 25. Qh5 Bh6 26. Kb1 Bxg5 27. a4 Be8 28. Qe2 Bf7 29. Rf1 Qg6 30. Qf3 Rd8 31. Qxc6 d3 32. c3 d2+ 33. Ka1 Qh5 34. g4 Qxg4 35. Ka2 d1=Q 36.
Rxd1 Qxd1 37. d7 Qxd7 38. Qc5+ Qe7 39. Qe5 Bf6 40. Qe3 e5+ 41. b3 e4 42. Qh6+ Ke8 43. Qe3 Rd3 44. Qf4 Rxc3 45. Qb8+ Kd7 46. Qb5+ Ke6 47. Qa6+ Kf5 48. Qf1+ Rf3 49. Qg2 Qe6 50. Qc2 Qxb3+ 51. Qxb3 Rxb3 0-1

[Event "*** Titled Tuesday Blitz"]
[Site "Chess.com"]
[Date "2020.10.20"]
[Round "2"]
[White "Piotrek1979"]
[Black "lelya96"]
[Result "1-0"]
[WhiteElo "2421"]
[BlackElo "2180"]
[TimeControl "180+1"]
[EndTime "10:18:53 PDT"]
[Termination "Piotrek1979 won by checkmate"]

1. Nf3 d5 2. g3 c6 3. Bg2 Bg4 4. O-O Nf6 5. b3 e6 6. Bb2 Be7 7. c4 O-O 8. d3 Nbd7 9. Nbd2 Qc7 10. Rc1 Rac8 11. Rc2 Rfd8 12. Qa1 Bf8 13. a3 Qb8 14. b4 a5 15. bxa5 Qa7 16. Bc3 c5 17. Nb3 d4 18.
Bd2 e5 19. h3 Bh5 20. g4 Bg6 21. Nh4 Qa6 22. Nxg6 hxg6 23. e3 Qe6 24. Qd1 Nb8 25. Bxb7 Rc7 26. Bg2 Nc6 27. g5 Nh7 28. e4 Be7 29. f4 exf4 30. Bxf4 Ra7 31. h4 Nxa5 32. Nxa5 Rxa5 33. Bc7 Rxa3 34. Bxd8 Bxd8 35. e5 Qxe5 36. Re2 Qd6 37. Re8+ Nf8 38. Qf3 Ra7 39. Qd5 Qxd5 40. Bxd5 Ba5 41. Ra1 Bb6 42. Rxa7 Bxa7 43. Re7 Bb6 44.
Rxf7 Ba5 45. Rf5+ Kh7 46. Rxf8 Bd2 47. Kg2 Be3 48. Bg8+ Kh8 49. Bf7+ Kh7 50. Kf3 Bg1 51. Kg4 Be3 52. Bxg6+ Kxg6 53. h5+ Kh7 54. g6+ Kh6 55. Rh8# 1-0

[Event "*** Titled Tuesday Blitz"]
[Site "Chess.com"]
[Date "2020.10.20"]
[Round "2"]
[White "realmadridtv"]
[Black "MVM2008"]
[Result "1-0"]
[WhiteElo "2401"]
[BlackElo "2134"]
[TimeControl "180+1"]
[EndTime "10:18:54 PDT"]
[Termination "realmadridtv won on time"]

1. e4 d6 2. Nf3 c5 3. Nc3 Nf6 4. e5 dxe5 5. Nxe5 e6 6. Bb5+ Nbd7 7. d4 cxd4 8. Qxd4 Be7 9. Bf4 O-O 10. O-O-O Nxe5 11. Bxe5 Qxd4 12. Rxd4 a6 13. Be2 b5 14. Bf3 Ra7 15.
Rhd1 Bb7 16. Bxf6 Bxf6 17. Rd7 Bxf3 18. Rxa7 Bg5+ 19. Kb1 Bxd1 20. Nxd1 Rd8 21. Nc3 b4 22. Rxa6 bxc3 23. a4 Rb8 24. b3 h6 25. Ka2 Rd8 26.
b4 Rd1 27. Kb3 Bf6 28. Ra8+ Kh7 29. a5 Rb1+ 30. Kc4 Rb2 31. b5 Rxc2 32. b6 Rb2 33. Kd3 c2 34. Rc8 Rb5 35. Kxc2 Rxa5 36. b7 Be5 37. b8=Q Bxb8 38. Rxb8 Ra2+ 39. Rb2 Rxb2+ 40. Kxb2 Kg6 41. Kc3 Kf5 42. Kd3 Ke5 43. Ke3 f6 44. Kd3 Kd5 45. Ke3 e5 46. Kd3 f5 47. Ke3 g5 48. Kd3 e4+ 49. Kc3 Ke5 50. Kc4 e3 51. Kd3 exf2 52. Ke2 Ke4 53. Kxf2 f4 54. Ke2 g4 55. h3 f3+ 56. Kf2 1-0

[Event "*** Titled Tuesday Blitz"]
[Site "Chess.com"]
[Date "2020.10.20"]
[Round "2"]
[White "MoreChessJulia"]
[Black "Loy_Konstantin"]
[Result "0-1"]
[WhiteElo "1984"]
[BlackElo "2366"]
[TimeControl "180+1"]
[EndTime "10:18:55 PDT"]
[Termination "Loy_Konstantin won by checkmate"]

1. d4 Nf6 2. Bg5 c5 3. e3 cxd4 4. exd4 Qa5+ 5. Bd2 Qb6 6. Nf3 Qxb2 7. Nc3 Qb6 8. Bd3 d5 9. O-O Bg4 10. h3 Bh5 11. g4 Bg6 12. Bb5+ Nbd7 13. Ne5 a6 14. Bxd7+ Nxd7 15. Nxd5 Qd8 16. Nc4 e6 17. Ba5 b6 18.
Ndxb6 Nxb6 19. Bxb6 Qd7 20. c3 Bd6 21. Nxd6+ Qxd6 22. Bc5 Qc6 23. f3 Rd8 24. h4 h5 25. g5 f6 26. Qd2 Kf7 27. Qe3 Rhe8 28. Rfe1 e5 29. Qf2 exd4 30. cxd4 fxg5 31. hxg5 Qd5 32. Qg3 Qd7 33.
Rac1 Rxe1+ 34. Rxe1 Re8 35. Qf4+ Kg8 36. Re5 Rxe5 37.
Qxe5 Kh7 38. Kh2 Qb5 39. Bf8 Qb2+ 40. Kg3 Qb7 41. Be7 Qd7 42. d5 Bf7 43. Qe4+ Bg6 44. Qe5 Kg8 45. d6 Kf7 46. Qf4+ Bf5 47. Qe3 Kg6 48.
Qc5 Qe6 49. Qc7 h4+ 50. Kxh4 Qe1# 0-1

[Event "*** Titled Tuesday Blitz"]
[Site "Chess.com"]
[Date "2020.10.20"]
[Round "2"]
[White "MisiekZielony"]
[Black "Triumphmate"]
[Result "1/2-1/2"]
[WhiteElo "2259"]
[BlackElo "2436"]
[TimeControl "180+1"]
[EndTime "10:18:56 PDT"]
[Termination "Game drawn by repetition"]

1. c4 e6 2. Nc3 d5 3. d4 Be7 4.
cxd5 exd5 5. Nf3 c6 6. Bf4 Nf6 7. e3 O-O 8. Qc2 Be6 9. Bd3 Nbd7 10.
O-O Rc8 11. Ne5 c5 12. Nxd7 Qxd7 13. dxc5 Rxc5 14. Be5 h6 15. Bd4 Rcc8 16. Qa4 a6 17. Qxd7 Nxd7 18. Rad1 b5 19. Be2 Bf6 20. Bf3 Rfd8 21.
h3 Rc4 22. Bxf6 Nxf6 23. Rd2 b4 24. Ne2 Rdc8 25. Nd4 Kf8 26. Be2 Ne4 27. Rdd1 R4c5 28. f3 Nd6 29. Rd2 Nc4 30. Bxc4 dxc4 31. Nxe6+ fxe6 32.
Rc1 Ke7 33. Rdc2 a5 34. Kf2 a4 35. e4 e5 36. Ke3 Ke6 37. h4 g5 38. hxg5 hxg5 39.
Rh1 c3 40. Rh6+ Kf7 41. b3 axb3 42. axb3 R5c6 43. Rh7+ Kg6 44. Rb7 Rd8 45. Rxb4 Rd1 46. Rc4 Rcd6 47. R4xc3 Kh5 48. g3 Rg1 49. Rh2+ Kg6 50.
Kf2 Rdd1 51. Rc6+ Kg7 52. Rhh6 Rdf1+ 53. Ke2 Re1+ 54. Kf2 Rgf1+ 55. Kg2 Rg1+ 56. Kf2 Ref1+ 57. Ke2 Rb1 58. Rcg6+ Kf7 59. Re6 Rg2+ 60. Kd3 Rxb3+ 61. Kc4 Rxf3 62. Kd5 Ra2 63. Kxe5 Ra5+ 64. Kd4 Ra4+ 65. Ke5 Ra5+ 66. Kd4 g4 67. Rb6 Rxg3 68. Rhf6+ Ke7 69.
Rfe6+ Kd7 70. Red6+ Kc7 71. Rdc6+ Kd7 72. Rd6+ Ke7 73.
Re6+ Kd7 74. Red6+ 1/2-1/2

[Event "*** Titled Tuesday Blitz"]
[Site "Chess.com"]
[Date "2020.10.20"]
[Round "2"]
[White "pirulillo"]
[Black "Qvalda"]
[Result "0-1"]
[WhiteElo "2206"]
[BlackElo "2425"]
[TimeControl "180+1"]
[EndTime "10:18:56 PDT"]
[Termination "Qvalda won by checkmate"]

1. e4 g6 2. d4 Bg7 3. Nc3 d6 4.
f4 Nf6 5. Nf3 O-O 6. a3 Nc6 7.
d5 Nb8 8. Bd3 c6 9. dxc6 Nxc6 10.
O-O Bg4 11. h3 Bxf3 12. Qxf3 Rc8 13. Be3 a6 14. Kh1 b5 15. Nd5 e6 16. Nb6 Rb8 17. e5 Rxb6 18. exf6 Bxf6 19. Bxb6 Qxb6 20. c3 d5 21. Qe2 Rb8 22. g4 a5 23. f5 exf5 24. gxf5 g5 25. h4 h6 26. Rae1 Kg7 27. Rg1 b4 28. Qh5 Rh8 29. axb4 axb4 30. Qf3 bxc3 31. bxc3 Ne5 32. Qe2 Nxd3 33. Qxd3 Qf2 34. Qh3 Rc8 35. Ref1 Qd2 36. Rg2 Qxc3 37. Qg4 Rc4 38. Rf4 Rxf4 39. Qxf4 Qe1+ 40. Kh2 Be5 41. f6+ Kg6 42. h5+ Kxh5 43. Kh3 Bxf4 44. Rxg5+ Kxg5 45. Kg2 Qe4+ 46. Kf1 Qf3+ 47.
Ke1 Qg2 48. Kd1 Qd2# 0-1

[Event "*** Titled Tuesday Blitz"]
[Site "Chess.com"]
[Date "2020.10.20"]
[Round "2"]
[White "suyu28"]
[Black "GMBenjaminBok"]
[Result "1/2-1/2"]
[WhiteElo "2610"]
[BlackElo "2935"]
[TimeControl "180+1"]
[EndTime "10:18:57 PDT"]
[Termination "Game drawn by repetition"]

1. e4 c5 2. Nc3 d6 3. f4 g6 4. Bc4 Bg7 5. Nf3 Nc6 6. O-O e6 7. d3 Nge7 8. Qe1 O-O 9. Qh4 Na5 10. Bb3 Nec6 11. Qf2 a6 12. Be3 b5 13. Rad1 Rb8 14. e5 dxe5 15. fxe5 Nxb3 16. axb3 Nxe5 17. Nxe5 Bxe5 18.
Bxc5 Bb7 19. Kh1 Bd6 20. Ne4 Bxe4 21. dxe4 Bxc5 22. Qxc5 Qc8 23. Qf2 b4 24. Rd6 Rb5 25.
h3 Rc5 26. Rd2 a5 27. Rd8 Qc7 28. Rxf8+ Kxf8 29. c4 bxc3 30. bxc3 Rxc3 31. Qd2 Kg7 32. Qd4+ e5 33. Qd5 Rc1 34. Rxc1 Qxc1+ 35. Kh2 Qc3 36. h4 Qc7 37. Kh3 h5 38. Kh2 Qe7 39. g3 Qc7 40.
Kh3 Qc3 41. Kh2 Qb2+ 42. Kh3 Qd4 43. Qxa5 Qxe4 44. Kh2 Qe2+ 45. Kh3 e4 46. Qe5+ Kh7 47. Qf4 Kg8 48. Qb8+ Kh7 49. Qf4 Kg7 50. Qe5+ Kg8 51. Qb8+ Kh7 52. Qf4 1/2-1/2

[Event "*** Titled Tuesday Blitz"]
[Site "Chess.com"]
[Date "2020.10.20"]
[Round "2"]
[White "KarstenHansch"]
[Black "tdf98pantani"]
[Result "1/2-1/2"]
[WhiteElo "2476"]
[BlackElo "2723"]
[TimeControl "180+1"]
[EndTime "10:18:58 PDT"]
[Termination "Game drawn by repetition"]

1. e4 c6 2. d4 d5 3. e5 Bf5 4. h4 h6 5. g4 Bd7 6. h5 e6 7. Be3 c5 8. c3 Nc6 9. Nf3 Qb6 10. Qd2 Rc8 11. Be2 f6 12. Nh4 Nge7 13. dxc5 Qc7 14. exf6 gxf6 15. Ng6 Nxg6 16. hxg6 Ne5 17. Bxh6 Nxg6 18.
b4 b6 19. cxb6 axb6 20. Rh5 Bxh6 21. Rxh6 Kf7 22. Rxh8 Rxh8 23. Na3 Rh1+ 24. Bf1 Qe5+ 25. Qe3 Qxe3+ 26. fxe3 Ne5 27. O-O-O Nxg4 28. Bb5 Rxd1+ 29. Kxd1 Nxe3+ 30. Ke2 Bxb5+ 31. Nxb5 Nc4 32. Kd3 f5 33. Kd4 f4 34. Nc7 f3 35. Kd3 Kf6 36. a4 Nb2+ 37. Ke3 Nxa4 38. Nb5 e5 39. Kxf3 Kf5 40. Ke3 Nb2 41.
Nd6+ Ke6 42. Nb5 Nc4+ 43. Kd3 Kd7 44. Ke2 Kc6 45. Na7+ Kd7 46. Nb5 Nd6 47. Na3 b5 48.
Kd3 Kc6 49. Nc2 Nf5 50. Ne1 Kd6 51. Nc2 e4+ 52. Ke2 Ke5 53. Na3 Nd6 54. Nc2 Nf5 55.
Na3 d4 56. Nxb5 d3+ 57. Kd2 Nd6 58. Nxd6 Kxd6 59. c4 Ke5 60. Ke3 Kd6 61. Kd2 Ke6 62. Ke3 Ke5 63. b5 Kd6 64. b6 Kc6 65. c5 Kb7 66. Kd2 Kc6 67. Ke3 Kb7 68. Kd2 Kc6 69. Ke3 1/2-1/2

[Event "*** Titled Tuesday Blitz"]
[Site "Chess.com"]
[Date "2020.10.20"]
[Round "2"]
[White "crazy_but_lazy"]
[Black "cassoulet"]
[Result "1-0"]
[WhiteElo "2468"]
[BlackElo "2690"]
[TimeControl "180+1"]
[EndTime "10:18:58 PDT"]
[Termination "crazy_but_lazy won by checkmate"]

1. d4 d5 2. c4 e6 3. Nc3 Be7 4.
Nf3 Nf6 5. Bf4 O-O 6. Rc1 c5 7. e3 cxd4 8. Nxd4 Nc6 9. cxd5 exd5 10. Be2 Be6 11. O-O Nxd4 12. Qxd4 Qa5 13. a3 Rac8 14. Rfd1 a6 15. h3 Rfd8 16. Qd2 h6 17. Be5 b5 18. Bd4 b4 19. Na2 Ne4 20. Qe1 Bh4 21. g3 Be7 22. Nxb4 Bxb4 23. axb4 Qa4 24. Ra1 Qd7 25. Bxa6 Rb8 26. h4 Bg4 27. Be2 Bxe2 28. Qxe2 Rxb4 29.
Ra7 Qf5 30. Rc1 Rc4 31. Rc7 Rxc1+ 32. Rxc1 Ra8 33. Kg2 Kh7 34. Qf3 Qg6 35. Rc7 f6 36.
g4 h5 37. g5 Nd2 38. Qe2 Ne4 39. Qf3 Ra1 40. Qf4 Rd1 41. b4 Rd2 42. b5 Rxf2+ 43. Qxf2 Nxf2 44. Kxf2 Qf5+ 45. Ke2 Qg4+ 46. Kd2 Qg2+ 47.
Kc3 Kg6 48. gxf6 gxf6 49. b6 Qf1 50. Kb4 Qb1+ 51. Kc5 Qb3 52. Kc6 Kf5 53. b7 Ke6 54.
Rc8 Qc4+ 55. Bc5 Qb4 56. b8=Q Qxc5+ 57. Kxc5 d4 58. Qb6+ Kf5 59. Qd6 Kg4 60. Qxd4+ Kh3 61. Rf8 f5 62. Qe5 f4 63. Qe4 Kh2 64. Qf3 fxe3 65. Rg8 e2 66. Qg2# 1-0

[Event "*** Titled Tuesday Blitz"]
[Site "Chess.com"]
[Date "2020.10.20"]
[Round "2"]
[White "dragos420"]
[Black "Tooweak2slow03"]
[Result "0-1"]
[WhiteElo "2498"]
[BlackElo "2775"]
[TimeControl "180+1"]
[EndTime "10:19:00 PDT"]
[Termination "Tooweak2slow03 won by resignation"]

1. e4 e6 2. d4 d5 3. Nd2 Nc6 4. Ngf3 Nf6 5. e5 Nd7 6. Bd3 f6 7. exf6 Qxf6 8. c3 Bd6 9. O-O O-O 10. Re1 e5 11. dxe5 Ndxe5 12. Be2 Bg4 13. h3 Bh5 14. Qb3 Qf7 15. Rf1 Na5 16. Qb5 Nxf3+ 17. Bxf3 Bxf3 18. Nxf3 Nc4 19. Qxb7 Kh8 20. Qb3 Qh5 21. Qd1 Rae8 22. b3 Ne5 23. Nd4 Qh4 24. f4 Nf7 25.
Qg4 Qe7 26. Bd2 Bc5 27. Rae1 Qf6 28. Be3 Nd6 29. Bf2 Ne4 30. Be3 Nxc3 31. Nc2 Qb6 32.
Bxc5 Qxc5+ 33. Kh1 d4 34. Rxe8 Rxe8 35. Qd7 Qe7 36.
Qxe7 Rxe7 37. Nxd4 Nxa2 38. Ra1 Nb4 39. Rxa7 g6 40.
Nb5 Nd5 41. Kh2 Nxf4 42. Rxc7 Re2 43. Nd6 Rxg2+ 44. Kh1 Rg3 45. Nf7+ Kg8 46. Nh6+ Kf8 47. Rf7+ Ke8 48. Rxh7 Rxh3+ 49. Kg1 Rxb3 50. Ng4 Nh3+ 51. Kg2 Nf4+ 52. Kf2 g5 53. Nf6+ Kf8 54. Rc7 Nh3+ 55. Kg2 Nf4+ 56. Kf2 Rb5 57. Kf3 Ne6 58. Rc6 Kf7 59.
Ne4 Nd4+ 60. Ke3 Nf5+ 61. Kf2 Rb2+ 62. Kf3 Nd4+ 63. Ke3 Nxc6 0-1

[Event "*** Titled Tuesday Blitz"]
[Site "Chess.com"]
[Date "2020.10.20"]
[Round "2"]
[White "UKR_Master"]
[Black "PavelShkapenko"]
[Result "1/2-1/2"]
[WhiteElo "2462"]
[BlackElo "2698"]
[TimeControl "180+1"]
[EndTime "10:19:00 PDT"]
[Termination "Game drawn by repetition"]

1. e4 e5 2. Nf3 Nc6 3. Bc4 Bc5 4. c3 Nf6 5. d3 a6 6. Bb3 Ba7 7. h3 O-O 8. Qe2 Re8 9. g4 d6 10. Be3 Bxe3 11. fxe3 Nd7 12. Nbd2 Nc5 13. Bc2 d5 14. exd5 Qxd5 15. e4 Qd6 16. O-O-O Be6 17. Kb1 Rad8 18. Nf1 Nd7 19. d4 exd4 20. cxd4 Nb4 21. a3 Nxc2 22.
Qxc2 Nb6 23. d5 Bc8 24. Nd4 Qe5 25. Nd2 Qxd4 26. Qxc7 Na4 27. Qc2 Nc5 28. Rhe1 Qd3 29. Qxd3 Nxd3 30. Re3 Ne5 31. Rde1 Bd7 32. b3 Rc8 33. a4 f6 34. Kb2 Kf7 35. Rf1 Ke7 36. Rg3 Kd6 37. g5 fxg5 38. Rxg5 g6 39. h4 Rf8 40. Rxf8 Rxf8 41. Nc4+ Nxc4+ 42. bxc4 Kc5 43. e5 Kxc4 44. e6 Bxe6 45. dxe6 Kd4 46. h5 gxh5 47.
Rxh5 Re8 48. Rxh7 b6 49. Ra7 Rxe6 50. Rxa6 Kc5 51. Ra8 Kb4 52. Ra7 Re2+ 53. Kc1 Ra2 54. Ra6 Kc5 55. Kb1 Rg2 56. Ra8 Rg6 57. Kb2 Kb4 58.
Ra6 Rg2+ 59. Kb1 Kc5 60. Kc1 Rg4 61. Kb1 Rg2 1/2-1/2

[Event "*** Titled Tuesday Blitz"]
[Site "Chess.com"]
[Date "2020.10.20"]
[Round "2"]
[White "ErikRonka"]
[Black "SerLanselot"]
[Result "1/2-1/2"]
[WhiteElo "2422"]
[BlackElo "2243"]
[TimeControl "180+1"]
[EndTime "10:19:00 PDT"]
[Termination "Game drawn - insufficient material"]

1. e4 d6 2. d4 Nf6 3. Nc3 g6 4. f4 Bg7 5. a3 O-O 6. Nf3 c5 7. dxc5 dxc5 8. Qxd8 Rxd8 9. e5 Nd5 10. Nxd5 Rxd5 11.
Be3 b6 12. Bd3 Rd7 13. Be4 Bb7 14. Bxb7 Rxb7 15. O-O-O Nc6 16. Rd2 Rd8 17. Rhd1 Rxd2 18. Rxd2 Kf8 19. Ng5 h6 20. Ne4 Ke8 21. b3 Rd7 22. c3 Rxd2 23. Kxd2 Kd7 24. b4 c4 25. a4 g5 26. fxg5 hxg5 27. e6+ Kxe6 28. Nxg5+ Kf6 29. Nf3 Kf5 30. h3 f6 31. Ke2 Ne5 32. g4+ Ke4 33. Nd2+ Kd5 34. Nf3 Nc6 35. h4 Ke4 36. Nd2+ Kd5 37.
h5 e5 38. Nf3 Nd8 39. Nh4 Nf7 40. Nf5 Bh8 41. Kf3 Nd6 42. Ne7+ Ke6 43. Nc6 e4+ 44.
Kf2 f5 45. gxf5+ Nxf5 46. Nxa7 Bxc3 47. Bxb6 Bxb4 48. a5 Kd5 49. Nc8 Bc5+ 50. Bxc5 Kxc5 51. Ke2 c3 52. a6 Kc6 53. a7 Kb7 54. h6 Nxh6 55. Nd6+ Kxa7 56. Nxe4 c2 57. Kd2 Nf5 58. Kxc2 1/2-1/2

[Event "*** Titled Tuesday Blitz"]
[Site "Chess.com"]
[Date "2020.10.20"]
[Round "2"]
[White "Lagmantr"]
[Black "shnitez"]
[Result "1-0"]
[WhiteElo "2730"]
[BlackElo "2468"]
[TimeControl "180+1"]
[EndTime "10:19:01 PDT"]
[Termination "Lagmantr won by checkmate"]

1. e4 c5 2. Nf3 e6 3. d4 cxd4 4.
Nxd4 a6 5. c4 Nf6 6. Nc3 Qc7 7.
Be2 b6 8. f4 Bb7 9. e5 Ne4 10. Nxe4 Bxe4 11. Bf3 Bb4+ 12. Bd2 Bxd2+ 13. Kxd2 Qxc4 14. Ke3 Bxf3 15. Qxf3 Nc6 16. Nxc6 Qxc6 17. Qxc6 dxc6 18. b4 Kd7 19. Rac1 Kc7 20. Rc3 Kb7 21. h4 Rhd8 22. h5 h6 23. Rh3 Rd5 24. Rg3 Rg8 25. Ke4 a5 26. Rg4 axb4 27. Rcg3 Ra5 28. Rxg7 Rxg7 29. Rxg7 Rxa2 30. Rxf7+ Ka6 31. g4 Rd2 32. f5 b3 33. fxe6 b2 34. Rf1 Rd8 35. Rb1 c5 36. Rxb2 c4 37. Kf5 b5 38. g5 c3 39. Ra2+ Kb6 40. gxh6 b4 41. h7 Rh8 42. e7 b3 43. Ra3 b2 44. Rb3+ Ka5 45. Kg6 Ka4 46.
Kg7 Kxb3 47. Kxh8 b1=Q 48. e8=Q Qf5 49. Qg8+ Kb2 50. Qb8+ Kc1 51. Kg7 c2 52. h8=Q Qg5+ 53. Kf7 Qf5+ 54. Qf6 Qxh5+ 55. Qg6 Qf3+ 56. Ke7 Qe3 57.
Qbd6 Kb1 58. Qb4+ Kc1 59. Qc4 Kb1 60. Qgxc2+ Ka1 61. Q4a2# 1-0

[Event "*** Titled Tuesday Blitz"]
[Site "Chess.com"]
[Date "2020.10.20"]
[Round "2"]
[White "TigrVShlyape"]
[Black "Borsuk_Konstantin"]
[Result "1-0"]
[WhiteElo "2874"]
[BlackElo "2563"]
[TimeControl "180+1"]
[EndTime "10:19:03 PDT"]
[Termination "TigrVShlyape won on time"]

1. d4 Nf6 2. Nf3 e6 3. Bf4 b6 4.
e3 Bb7 5. Nbd2 h6 6. h3 d6 7. a4 a6 8. Bd3 Nbd7 9. O-O g5 10. Bg3 g4 11. hxg4 Nxg4 12. Be4 Bxe4 13. Nxe4 f5 14. Ned2 Qf6 15. e4 f4 16. Bh4 Qg6 17. Nh2 h5 18.
Qf3 Bh6 19. Rfe1 O-O 20. Ndf1 Rf7 21. e5 d5 22. c4 c6 23. cxd5 cxd5 24. Rac1 Nf8 25.
Rc6 Qf5 26. Rd1 Ng6 27. Bf6 Nxf6 28. exf6 Rxf6 29. Qd3 Qe4 30. Nf3 b5 31. a5 Bg7 32.
Qc2 Rf5 33. N1d2 Qxc2 34. Rxc2 e5 35. dxe5 Nxe5 36. Nxe5 Rxe5 37. Nf3 Rf5 38. b4 Re8 39. Rc6 Re4 40. Rxa6 Rxb4 41. Rb6 Ra4 42. a6 d4 43. Kf1 b4 44. Rb1 Rfa5 45. R6xb4 Rxb4 46. Rxb4 d3 47. Rb1 Rxa6 48. Rd1 Rd6 49. Ne1 d2 50. Nf3 Bc3 51. Ke2 Re6+ 52. Kd3 Re1 53. Kc2 Kf7 54. Nxd2 Bxd2 55. Kxd2 Rg1 56. Rxg1 1-0

[Event "*** Titled Tuesday Blitz"]
[Site "Chess.com"]
[Date "2020.10.20"]
[Round "2"]
[White "tan275"]
[Black "andresgv36"]
[Result "0-1"]
[WhiteElo "2177"]
[BlackElo "2420"]
[TimeControl "180+1"]
[EndTime "10:19:03 PDT"]
[Termination "andresgv36 won by resignation"]

1. d4 Nf6 2. c4 e5 3. dxe5 Ng4 4. Nf3 Bc5 5. e3 Nc6 6. Be2 O-O 7. Nc3 Re8 8. O-O Ngxe5 9. b3 Nxf3+ 10. Bxf3 Ne5 11.
Be2 a5 12. Bb2 Ra6 13. Nd5 Rh6 14. Bd4 Qh4 15. h3 d6 16. Nf4 Ng6 17. Nxg6 Rxg6 18. Bg4 Bxg4 19. hxg4 Bxd4 20. Qxd4 Rxg4 21. Qd5 Re5 22.
Qxb7 h6 23. g3 Qh5 24. Qg2 Qg6 25. Rad1 Rxe3 26. Kh2 Re5 27. Rd5 h5 28. Rxe5 dxe5 29. Rd1 h4 30. Rd3 hxg3+ 31. Rxg3 Rxg3 32. Qxg3 Qxg3+ 33. Kxg3 f6 34. a3 Kf8 35. Kf3 Ke7 36.
Ke4 Ke6 37. b4 f5+ 38. Kd3 axb4 39. axb4 Kd6 40. f3 g5 41. Ke3 Kc6 42. Kd3 Kb6 43. Ke3 c6 44. Kd3 Kc7 45. Ke3 Kd6 46. Kd3 e4+ 47. fxe4 f4 48. b5 cxb5 49. cxb5 Kc5 50. e5 Kxb5 51. Ke4 Kc6 52. Kf3 Kd5 53. Kg4 Kxe5 54.
Kxg5 f3 0-1

[Event "*** Titled Tuesday Blitz"]
[Site "Chess.com"]
[Date "2020.10.20"]
[Round "2"]
[White "SanchezKelvin"]
[Black "Bwert2602"]
[Result "1-0"]
[WhiteElo "2388"]
[BlackElo "2026"]
[TimeControl "180+1"]
[EndTime "10:19:03 PDT"]
[Termination "SanchezKelvin won on time"]

1. e4 c5 2. Nf3 Nc6 3. d4 cxd4 4.
Nxd4 e5 5. Nb5 a6 6. Nd6+ Bxd6 7. Qxd6 Qf6 8. Qd2 Qg6 9. f3 d5 10. exd5 Nd4 11. Bd3 Bf5 12. O-O Bxd3 13. cxd3 Nf6 14.
f4 O-O 15. fxe5 Nxd5 16. Nc3 Nb4 17. Ne4 Nbc2 18. Rb1 Rae8 19. Qf2 Rxe5 20. Bf4 Rf5 21. Ng3 Rf6 22. Rbc1 Qxd3 23. Rfd1 Qg6 24. Rxd4 Nxd4 25.
Qxd4 Re8 26. Rf1 h6 27. Qd7 Rfe6 28. Qxb7 Re1 29. Qf3 Qb1 30. Qf2 Kh7 31. h3 f5 32.
Bd2 Rd1 33. Bc3 g5 34. Qxf5+ Qxf5 35. Nxf5 Rxf1+ 36. Kxf1 Rf8 37. g4 Kg6 38. Kg2 Re8 39. Kf3 Rf8 40. Ke4 Re8+ 41. Kd3 Rd8+ 42. Bd4 h5 43. b4 hxg4 44. hxg4 Rc8 45. Bc5 Rd8+ 46. Kc4 Rh8 47. Ne3 Rh3 48. a4 Kf7 49. b5 axb5+ 50.
axb5 Ke6 51. b6 Kd7 52. Kd5 Rh1 53. Ke5 Rc1 54. Bd4 Rg1 55. Kf5 1-0